 Dungeon Crawl Stone Soup version 0.29.1-13-g9f3cf754e1 (webtiles) character file.

Game seed: 15280139022792718107

62 retardedninja the Trooper (level 4, 0/29 HPs)
             Began as a Gargoyle Fighter on Jan 24, 2023.
             Slain by Robin
             ... wielding a +2 vorpal spear
              (1 damage)
             ... on level 2 of the Dungeon.
             The game lasted 00:02:24 (1553 turns).

retardedninja the Trooper (Gargoyle Fighter)        Turns: 1553, Time: 00:02:27

Health: 0/29       AC: 12    Str: 22    XL:     4   Next: 8%
Magic:  4/4        EV:  7    Int:  8    God:
Gold:   52         SH:  4    Dex:  9    Spells: 3/3 levels left

rFire   . . .      SeeInvis .   m - +0 mace
rCold   . . .      Faith    .   c - +0 buckler
rNeg    + . .      Spirit   .   g - +0 chain mail
rPois   ∞          Reflect  .   (no helmet)
rElec   +          Harm     .   (no cloak)
rCorr   .          Rampage  .   (no gloves)
Will    .....                   (no boots)
Stlth   ..........              (no amulet)
HPRegen 0.09/turn               (no ring)
MPRegen 0.09/turn               (no ring)

@: mighty
A: sickness immunity, AC +3, negative energy resistance 1, electricity
resistance, torment resistance 1, petrification resistance
a: no special abilities


You were on level 2 of the Dungeon.
You visited 1 branch of the dungeon, and saw 2 of its levels.

You collected 52 gold pieces.

Inventory:

Hand Weapons
 m - a +0 mace (weapon)
Armour
 b - a +0 scale mail
 c - a +0 buckler (worn)
 g - a +0 chain mail (worn)
Scrolls
 a - a scroll of identify {unknown}
 e - a scroll of silence {unknown}
 f - a scroll of noise {unknown}
 k - a scroll of enchant weapon {unknown}
Potions
 h - 2 potions of curing {unknown}
 i - a potion of heal wounds {unknown}
 j - a potion of berserk rage {unknown}
 l - a potion of lignification {unknown}


   Skills:
 + Level 3.8 Fighting
 - Level 2.2(2.4) Axes
 * Level 1.1(2.0) Maces & Flails
 + Level 3.8 Armour
 + Level 3.8 Shields


You had 3 spell levels left.
You didn't know any spells.
Your spell library contained the following spells:

 Spells                   Type           Power      Damage    Failure   Level
 Shock                    Conj/Air       0%         1d3       99%         1
 Swiftness                Air            0%         N/A       100%        3
 Tukima's Dance           Hex            0%         N/A       100%        3
 Airstrike                Air            0%         2d(0-16)  100%        4
 Lightning Bolt           Conj/Air       0%         1d11      100%        5
 Yara's Violent Unravell  Hex/Tmut       0%         3d3       100%        5


Dungeon Overview and Level Annotations

Branches:
Dungeon (2/15)

Altars:

Shops:
D:1 (

Annotations:
D:2 Robin


Innate Abilities, Weirdness & Mutations

You are immune to sickness and miasma.
Your stone body is resilient. (AC +3)
You are immune to poison.
You resist negative energy. (rN+)
You are resistant to electric shocks. (rElec)
You are resistant to unholy torment.
You are immune to petrification.


Message History

You closely miss the goblin. The goblin hits you but does no damage.
Robin hits you but does no damage.
The goblin hits you but does no damage. x2
You miss the goblin.
The goblin no longer looks unusually strong.
The goblin closely misses you. You block Robin's attack.
The goblin hits you but does no damage. x2
You hit the goblin.
You kill the goblin!
The goblin no longer looks unusually strong.
Robin roars a battlecry!
The goblins go into a battle-frenzy!
The goblin closely misses you. The goblin hits you but does no damage.
Robin barely misses you. You block the goblin's attack. x2
The goblin hits you but does no damage.
You barely miss the goblin. The goblin barely misses you.
The goblin hits you but does no damage. The goblin hits you with a +0 dagger.
You hit the goblin.
You kill the goblin!
You block Robin's attack.
The goblin hits you but does no damage. x2
You closely miss the hobgoblin.
The hobgoblin hits you but does no damage.
The goblin hits you with a +0 club. Robin hits you but does no damage.
You block the goblin's attack. The goblin hits you but does no damage.
The hobgoblin hits you.
* * * LOW HITPOINT WARNING * * *
The goblin barely misses you. Robin hits you but does no damage.
You sock the hobgoblin!
You kill the hobgoblin!
You block Robin's attack.
The goblin hits you but does no damage. x2
You barely miss the hobgoblin. You block Robin's attack.
The goblin barely misses you. You block the goblin's attack.
The hobgoblin hits you but does no damage.
You hit the hobgoblin.
You kill the hobgoblin!
Robin hits you from afar with a +2 vorpal spear.
* * * LOW HITPOINT WARNING * * *
x2 You block the goblin's attack. x2; The goblin closely misses you.
Robin hits you from afar with a +2 vorpal spear.
* * * LOW HITPOINT WARNING * * *
You die...

###.#.# .##.#.#
.##.#.# #.#####
..#...###....^#
#.#)....#####.####
..'.....'.......>#
..#.....#####.##.###
###†....# #.##gg.# #
#.....# #.##@#.# #
#.....# #.##)#.# #
#....># #.#..g.# #
#.....# #.#..###
#.....# #..†##
#...[.# #.... #
#....# # .....# ##
......#


You could see Robin and 2 goblins.

Vanquished Creatures
  An adder (D:2)
  A worm (D:2)
  A dart slug (D:1)
  3 endoplasms
  3 giant cockroaches (D:1)
  11 goblins
  5 hobgoblins
  A quokka (D:2)
  4 ball pythons
  3 bats (D:2)
  A frilled lizard (D:1)
  3 kobolds
  7 rats
44 creatures vanquished.

Notes
Turn   | Place    | Note
-------+----------+-------------------------------------------
     0 | D:1      | retardedninja the Gargoyle Fighter began the quest for the
                  | Orb.
     0 | D:1      | Reached XP level 1. HP: 14/14 MP: 1/1
    79 | D:1      | Found Fiunnap's Weapon Boutique.
   107 | D:1      | Reached XP level 2. HP: 15/19 MP: 2/2
   224 | D:1      | Found a faded altar of an unknown god.
   963 | D:1      | Reached XP level 3. HP: 23/23 MP: 3/3
  1170 | D:2      | Got Myotwe's Book of Fascination and the Brume
  1529 | D:2      | Noticed Robin
  1540 | D:2      | Reached skill level 1 in Maces & Flails
  1545 | D:2      | Reached XP level 4. HP: 15/29 MP: 4/4
  1553 | D:2      | HP: 1/29 [Robin/+2 vorpal spear (4)]
  1553 | D:2      | Slain by Robin

Illustrated notes

Levels and vault maps discovered:
D:1:      reono_arrival_mine, layout_basic,
          hellmonk_ecumenical_altar_heavens_door, serial_shops, shop
D:2:      layout_basic, moated_statue, item_on_display_a, uniq_robin

Skill      XL: |  1  2  3 |
---------------+----------+-----
Axes           | 2 |  2.2
Maces & Flails | 1 |  1.1
Fighting       | |  3.8
Armour         | |  3.8
Shields        | |  3.8

Action                   |  1- 3 |  4- 6 || total
-------------------------+-------+-------++-------
Melee: War axe           |    77 |       ||    77
       Mace              |    13 |     9 ||    22
  Use: Potion            |     1 |       ||     1
Armor: Scale mail        |    10 |       ||    10
       Chain mail        |    46 |    18 ||    64
Dodge: Dodged            |    34 |     7 ||    41
Block: Buckler           |    26 |    10 ||    36
